 Dungeon Crawl Stone Soup version 0.25-a0-591-g2ad0d861f1 (webtiles) character file.

Game seed: 1728597504489122666, levelgen mode: classic

2 EnegeticOcto the Shield-Bearer (level 1, 20/20 HPs)
             Began as a Deep Dwarf Fighter on Mar 13, 2020.
             Quit the game on level 1 of the Dungeon.
             The game lasted 00:00:06 (25 turns).

EnegeticOcto the Shield-Bearer (Deep Dwarf Fighter)   Turns: 25, Time: 00:00:07

Health: 20/20      AC:  6    Str: 19    XL:     1   Next: 33%
Magic:  1/1        EV:  7    Int:  8    God:
Gold:   0          SH:  9    Dex: 12    Spells: 0/0 levels left

rFire    . . .     SeeInvis .   a - +0 war axe
rCold    . . .     Gourm    .   c - +0 kite shield
rNeg     . . .     Faith    .   b - +0 scale mail
rPois    .         Spirit   .   (no helmet)
rElec    .         Reflect  .   (no cloak)
rCorr    .         Harm     .   (no gloves)
MR       .....                  (no boots)
Stlth    ..........             (no amulet)
HPRegen  0.00/turn              (no ring)
MPRegen  0.07/turn              (no ring)

@: non-regenerating
A: damage resistance, heal wounds, sense surroundings 1, no regeneration
a: Heal Wounds


You were on level 1 of the Dungeon.
You were not hungry.

You visited 1 branch of the dungeon, and saw 1 of its levels.

Inventory:

Hand Weapons
 a - a +0 war axe (weapon)
Armour
 b - a +0 scale mail (worn)
 c - a +0 kite shield (worn)
Potions
 d - a potion of heal wounds {unknown}
 k - a potion of might {@q3}
Comestibles
 e - a ration


   Skills:
 * Level 2.7 Fighting
 * Level 2.3 Axes
 + Level 3.3 Armour
 + Level 3.3 Shields


You couldn't memorise any spells.
You didn't know any spells.
Your spell library was empty.

Dungeon Overview and Level Annotations

Branches:
Dungeon (1/15)

Altars:


Innate Abilities, Weirdness & Mutations

You are resistant to damage.
You can heal yourself by infusing magical energy.
You passively map a small area around you.
You do not regenerate.


Message History

k - a potion of might;
e - a ration Welcome, EnegeticOcto the Deep Dwarf Fighter.
The bosom of this dungeon contains the fabulous artefact, the Orb of Zot.
Press ? for a list of commands and other information.
Found a murky white potion.
Found a staircase leading out of the dungeon.
d - a murky white potion
There is a staircase leading out of the dungeon here.
As you open the door, it creaks loudly!
There is an open door here.
You open the door.
There is an open door here.
As you open the door, it creaks loudly!
A giant cockroach comes into view.
Found a dagger.
A giant cockroach is nearby!
A giant cockroach is nearby!
You hit the giant cockroach.
You kill the giant cockroach!
A bat comes into view.
Found a fuming red potion.
There is an open door here.
The bat hits you but does no damage. The bat barely misses you.
You closely miss the bat. The bat closely misses you.
The bat hits you but does no damage.
You hit the bat.
The bat is severely wounded.
You block the bat's attack. x2; The bat hits you but does no damage.
The bat barely misses you.
You miss the bat.
The bat is heavily wounded.
The bat hits you but does no damage. The bat barely misses you.
A bat is nearby!
You block the bat's attack.
You closely miss the bat.
The bat is heavily wounded.
The bat closely misses you.
You hit the bat.
You kill the bat!
No target in view!
No target in view!
No target in view!
No target in view!
No target in view!
No target in view!
No target in view!
No target in view!
No target in view!
No target in view!
No target in view!
No target in view!
No target in view!
No target in view!
No target in view!
No target in view!
No target in view!
Are you sure you want to abandon this character and quit the game? (Confirm with "yes".)

, , * #.......# *
*#.......# , * * ,
........# * ** *
#......# #......# 8,
#.!....# , * #..†.#
###+### ,
8###8#.@).###.....#####
,
............#.....#...#
..........#.'..8..'.<.#
*
..........###.....#...#
, .....######
#.....#####* , , .....
###'### , .... #...# ,
* .... #.8.# #...#


There were no monsters in sight!

Vanquished Creatures
  A bat (D:1)
  A giant cockroach (D:1)
2 creatures vanquished.

Notes
Turn   | Place    | Note
-------+----------+-------------------------------------------
     0 | D:1      | EnegeticOcto the Deep Dwarf Fighter began the quest for the
                  | Orb.
     0 | D:1      | Reached XP level 1. HP: 20/20 MP: 1/1
    25 | D:1      | Quit the game

Levels and vault maps discovered:
D:1:      minmay_arrival_stair_chambers, layout_basic, serial_corexii_hall,
          corexii_hall_statues_deadend, chequers_hall_statues_corner_a,
          chequers_hall_statues_corner_a, chequers_hall_statues_y

Action                   || total
-------------------------++-------
Melee: War axe           ||     6
Armor: Scale mail        ||     4
Dodge: Dodged            ||     5
Block: Kite shield       ||     3

Table legend:
 A = Non-vault XP
 B = Vault XP
 C = Vault XP percentage of total XP
 D = Non-vault monster count
 E = Vault monster count
 F = Vault count percentage of total count
                 A         B        C        D         E       F
            +---------+---------+-------+---------+---------+-------
      Total |       4 |       0 |   0.0 |       2 |       0 |   0.0
            +---------+---------+-------+---------+---------+-------
        D:1 |       4 |       0 |   0.0 |       2 |       0 |   0.0
            +---------+---------+-------+---------+---------+-------
